 Dungeon Crawl Stone Soup version 0.26-a0-651-gb41185065b (webtiles) character file.

Game seed: 11664725094257156320

3341 kae the Ruffian (level 9, -18/78 HPs)
             Began as a Purple Draconian Transmuter on Oct 2, 2020.
             Was a Believer of Wu Jian.
             Demolished by an orc warrior
             ... wielding a +0 dire flail
              (29 damage)
             ... on level 8 of the Dungeon.
             The game lasted 00:07:25 (8550 turns).

kae the Ruffian (Purple Draconian Transmuter)       Turns: 8550, Time: 00:07:25

Health: -18/78     AC:  8    Str: 15    XL:     9   Next: 72%
Magic:  19/19      EV: 18    Int: 14    God:    Wu Jian [**....]
Gold:   287        SH:  0    Dex: 12    Spells: 7/22 levels left

rFire    . . .     SeeInvis .   a - +6 whip (venom)
rCold    . . .     Faith    .   (no shield)
rNeg     . . .     Spirit   .   (armour unavailable)
rPois    .         Reflect  .   (helmet currently unavailable)
rElec    .         Harm     .   r - +0 cloak
rCorr    .         Rampage  .   (no gloves)
MR       ++...                  (boots currently unavailable)
Stlth    +.........             (no amulet)
HPRegen  0.23/turn              d - +4 ring of evasion
MPRegen  0.16/turn              t - ring of protection from magic

@: appendages
A: breathe power, unfitting armour, horns 2, talons 2, cold-blooded, AC +7
a: Breathe Dispelling Energy, End Transformation, Wall Jump, Renounce Religion


You were on level 8 of the Dungeon.
You worshipped Wu Jian.
Wu Jian was pleased with you.
You had grown temporary horns.
You had grown temporary talons.
You visited 2 branches of the dungeon, and saw 9 of its levels.

You collected 375 gold pieces.
You spent 88 gold pieces at shops.

Inventory:

Hand Weapons
 a - a +6 whip of venom (weapon)
 s - the +3 whip "Xim Tew" {elec, *Noise rF+ Int+2}
   (You found it on level 4 of the Dungeon)

   Occasionally, upon striking a foe, it will discharge some electrical energy
   and cause terrible harm.
   It affects your intelligence (+2).
   It protects you from fire.
   It may make noises in combat.
Armour
 r - a +0 cloak (worn)
Jewellery
 d - a +4 ring of evasion (left hand)
 h - an uncursed ring of wizardry
 t - a ring of protection from magic (right hand)
 A - an uncursed amulet of the acrobat
Wands
 q - a wand of random effects (24)
 w - a wand of digging (4)
 y - a wand of disintegration (13)
Scrolls
 c - 4 scrolls of identify
 f - 3 scrolls of remove curse
 g - 5 scrolls of amnesia
 i - a scroll of blinking
 j - 4 scrolls of teleportation
 n - 5 scrolls of magic mapping
 v - a scroll of fear
Potions
 b - 6 potions of curing
 e - 2 potions of ambrosia
 k - 6 potions of lignification
 l - 2 potions of stabbing
 m - 2 potions of heal wounds
 o - a potion of mutation
 p - a potion of haste
 u - a potion of flight
 x - 2 potions of resistance
 z - a potion of invisibility {unknown}
 B - a potion of brilliance {unknown}


   Skills:
 + Level 6.5 Fighting
 + Level 5.6 Dodging
 * Level 7.6 Unarmed Combat
 + Level 7.0 Spellcasting
 + Level 6.2 Transmutations


You had 7 spell levels left.
You knew the following spells:

 Your Spells              Type           Power        Failure   Level
a - Beastly Appendage     Tmut           ###...       1%          1
b - Wereblood             Tmut           ###.....     1%          2
c - Spider Form           Tmut/Pois      ##........   12%         3
d - Ice Form              Ice/Tmut       ##......     36%         4
e - Blade Hands           Tmut           ###.......   30%         5

Your spell library contained the following spells:

 Spells                   Type           Power        Failure   Level
 Magic Dart               Conj           #...         14%         1
 Blink                    Tloc           N/A          22%         2
 Call Imp                 Summ           #.......     22%         2
 Slow                     Hex            #.......     22%         2
 Conjure Flame            Conj/Fire      #.......     38%         3
 Mephitic Cloud           Conj/Pois/Air  #.......     38%         3


Dungeon Overview and Level Annotations

Branches:
Dungeon (8/15)             Temple (1/1) D:4
   Lair: D:8-11

Altars:
Ashenzari
Cheibriados
Dithmenos
Elyvilon
Fedhas
Gozag
Hepliaklqana
Kikubaaqudgha
Makhleb
Nemelex Xobeh
Okawaru
Qazlal
Ru
Sif Muna
Trog
Uskayaw
Vehumet
Wu Jian
Xom
Yredelemnul
Zin
The Shining One

Shops:
D:4 ?

Annotations:
D:4 2 runed translucent doors, Gruesome's ghost, weakling DrAE


Innate Abilities, Weirdness & Mutations

You can breathe bolts of dispelling energy.
Your rich purple scales are hard. (AC +7)
You cannot fit into any form of body armour.
You are cold-blooded and may be slowed by cold attacks.
You have a pair of horns on your head.
You have razor-sharp toenails.


Message History

You hit the orc wizard.
The orc wizard is poisoned.
You headbutt the orc wizard!
The orc wizard is almost dead.
You kill the orc wizard!
The Council accepts your kill. The orc closely misses you.
The orc warrior misses you.
You hit the orc warrior but do no damage.
The orc warrior looks as sick as possible!
Your kick misses the orc warrior.
Your tail-slap misses the orc warrior.
The orc warrior is lightly wounded.
The orc hits you from afar with a +0 trident.
The orc warrior hits you with a +0 dire flail!
* * * LOW HITPOINT WARNING * * *
You hit the orc warrior but do no damage.
The orc warrior looks as sick as possible!
You claw the orc warrior, but do no damage.
The orc warrior is lightly wounded.
The orc barely misses you.
The orc warrior hits you with a +0 dire flail!!
You die...

#.##.# #..# #.......
###(#######..# #.......
#≈≈.≈≈#..##...##...#...
#≈⌠.⌠≈#................
#≈._.≈#......[......###
#≈⌠(⌠≈#.............##
#≈≈(≈≈#........#.....##
######)###o...... #......#
#.....(..@.o..... #...##..
#........)................
#.........................
#####.....................
...................P...
......###...P.........#.
....#### ..P[.. ......##
##.. ....#' #...P. # ....


You could see an orc warrior (extremely poisoned) and an orc.

Vanquished Creatures
  Joseph (D:8)
  Grinder (D:6)
  A water moccasin (D:7)
  2 porcupines (D:8)
  An orc warrior (D:7)
  A phantom (D:4)
  2 ogres (D:6)
  A centaur (D:7)
  A crocodile (D:8)
  A big kobold (D:7)
  2 bullfrogs (D:6)
  3 scorpions
  9 killer bees
  3 wights
  A jelly (D:6)
  4 hounds
  5 orc priests
  A bullfrog skeleton (D:6)
  5 iguanas
  Crazy Yiuf (D:3)
  Jessica (D:2)
  6 orc wizards
  6 worker ants
  A hound skeleton (D:7)
  A mummy (D:8)
  6 gnolls
  5 adders
  2 shadow imps
  3 white imps
  An ufetubus (D:4)
  An ooze (D:2)
  An adder zombie (D:7)
  An adder skeleton (D:7)
  2 worms (D:2)
  3 dart slugs
  5 leopard geckos
  19 orcs
  3 bats
  4 giant cockroaches
  3 hobgoblins
  7 kobolds
  7 quokkas
  4 ball pythons
  3 frilled lizards
  A giant cockroach zombie (D:5)
  8 goblins
  4 hobgoblin zombies (D:8)
  A leopard gecko skeleton (D:8)
  A quokka skeleton (D:4)
  7 rats
163 creatures vanquished.

Vanquished Creatures (others)
  21 fungi (D:8)
  54 plants
75 creatures vanquished.

Grand Total: 238 creatures vanquished

Notes
Turn   | Place    | Note
-------+----------+-------------------------------------------
     0 | D:1      | kae the Draconian Transmuter began the quest for the Orb.
     0 | D:1      | Reached XP level 1. HP: 16/16 MP: 3/3
    86 | D:1      | Reached XP level 2. HP: 23/23 MP: 5/5
   598 | D:2      | Reached XP level 3. HP: 26/29 MP: 4/6
   615 | D:2      | Reached XP level 4. HP: 3/36 MP: 5/7
  1063 | D:2      | Noticed Jessica
  1071 | D:2      | Killed Jessica
  1348 | D:2      | Reached XP level 5. HP: 42/42 MP: 9/9
  1749 | D:2      | HP: 3/63 [poisoned by an orc]
  1754 | D:2      | HP: 2/63 [poisoned by an orc]
  1761 | D:2      | HP: 2/63 [poisoned by an orc]
  1991 | D:2      | Found a glowing silver altar of Zin.
  2237 | D:3      | Learned a level 2 spell: Wereblood
  2241 | D:3      | Learned a level 3 spell: Spider Form
  2353 | D:3      | Found a sparkling altar of Nemelex Xobeh.
  2761 | D:3      | Found a runed translucent door.
  2903 | D:3      | Noticed Crazy Yiuf
  2915 | D:3      | Killed Crazy Yiuf
  3303 | D:4      | Got a crystal whip
  3305 | D:4      | Identified the +3 whip "Xim Tew" {elec, *Noise rF+ Int+2}
                  | (You found it on level 4 of the Dungeon)
  3320 | D:4      | Found a glowing golden altar of the Shining One.
  3334 | D:4      | Reached XP level 6. HP: 49/51 MP: 8/10
  3845 | D:4      | Found Jafeykhly's Magic Scroll Shoppe.
  3859 | D:4      | Bought 3 scrolls of identify for 66 gold pieces
  3859 | D:4      | Bought a scroll of identify for 22 gold pieces
  3898 | D:4      | Found a hazy altar of Hepliaklqana.
  3898 | D:4      | Found an iron altar of Okawaru.
  3911 | D:4      | Found a sparkling altar of Nemelex Xobeh.
  3913 | D:4      | Found a bloodstained altar of Trog.
  3915 | D:4      | Found a faded altar of an unknown god.
  4002 | D:4      | Found a runed translucent door.
  4003 | D:4      | Noticed Gruesome's ghost (weakling DrAE)
  4005 | D:4      | Found a staircase to the Ecumenical Temple.
  4027 | Temple   | Entered the Ecumenical Temple
  4237 | Temple   | Became a worshipper of the Wu Jian Council
  4303 | D:4      | Found a runed translucent door.
  4714 | D:4      | Your scales start taking on a rich purple colour.
  4714 | D:4      | Reached XP level 7. HP: 53/57 MP: 13/13
  5010 | D:5      | Entered Level 5 of the Dungeon
  5183 | D:5      | Found a sacrificial altar of Ru.
  5231 | D:5      | Found a broken altar of Ashenzari.
  5266 | D:5      | Found a stormy altar of Qazlal.
  5638 | D:6      | Reached * piety under Wu Jian
  5696 | D:6      | Noticed Grinder
  5704 | D:6      | Reached skill level 5 in Spellcasting
  5711 | D:6      | Paralysed by Grinder for 2 turns
  5717 | D:6      | Paralysed by Grinder for 3 turns
  5724 | D:6      | Paralysed by Grinder for 5 turns
  5739 | D:6      | Killed Grinder
  5739 | D:6      | Reached skill level 5 in Unarmed Combat
  5739 | D:6      | Reached XP level 8. HP: 47/67 MP: 14/16
  5939 | D:5      | Reached skill level 5 in Fighting
  6124 | D:6      | Reached skill level 5 in Transmutations
  6549 | D:7      | Learned a level 4 spell: Ice Form
  6555 | D:7      | Learned a level 5 spell: Blade Hands
  6850 | D:7      | Reached skill level 5 in Dodging
  6850 | D:7      | Reached XP level 9. HP: 20/74 MP: 18/18
  7908 | D:8      | Reached ** piety under Wu Jian
  8396 | D:8      | Noticed Joseph
  8411 | D:8      | Killed Joseph
  8505 | D:8      | Found a broken altar of Ashenzari.
  8550 | D:8      | Demolished by an orc warrior

Illustrated notes

Levels and vault maps discovered:
D:1:      lightli_iron_boxes, layout_rooms
D:2:      wad_woods_tower, layout_loops_corners, zin_statuary, uniq_jessica
D:3:      layout_loops_ring, lemuel_tele_altar, uniq_crazy_yiuf_cottage
D:4:      layout_basic, chequers_temple_overflow_minitemple,
          minmay_temple_entry_nine_rooms, serial_shops, shop,
          ebering_ghost_sewer_f, tso_metal_star
D:5:      layout_cave_pools, nicolae_qazlal_general_emergency,
          nicolae_ru_sacrificial_ziggurat, cheibrodos_ashenzari_chains
D:6:      layout_cave_pools, eino_small_chamber_without_monster, uniq_grinder
D:7:      layout_loops_ring
D:8:      layout_rooms, kennysheep_little_box, grunt_lair_entry_orc_guard_hut,
          minmay_mini_ossuary, uniq_joseph
Temple:   eino_narrow_crystal_temple

Skill      XL: |  1  2  3  4  5  6  7  8  9 |
---------------+----------------------------+-----
Dodging        | 2 3 4 5 |  5.6
Fighting       | 2 3 4 5 6 |  6.5
Transmutations | 3 4 5 6 |  6.2
Spellcasting   | 3 4 5 6 7 |  7.0
Unarmed Combat | 4 5 6 7 |  7.6

Action                   |  1- 3 |  4- 6 |  7- 9 || total
-------------------------+-------+-------+-------++-------
Melee: Whip              |    63 |   140 |   296 ||   499
       Kick              |    11 |    18 |    58 ||    87
       Tailslap          |     9 |    13 |    40 ||    62
       Headbutt          |     5 |     9 |    38 ||    52
       Punch             |     2 |       |     3 ||     5
 Cast: Beastly Appendage |    10 |    24 |    34 ||    68
Invok: Lunge             |       |     2 |    20 ||    22
       Whirlwind         |       |       |     2 ||     2
 Abil: Breathe Dispellin |       |       |     3 ||     3
Evoke: Wand              |       |       |     5 ||     5
  Use: Potion            |     1 |     2 |     4 ||     7
       Scroll            |       |    17 |     5 ||    22
 Stab: Sleeping          |       |     1 |       ||     1
Armor: Skin              |    14 |    29 |    40 ||    83
Dodge: Dodged            |    41 |    90 |   280 ||   411

Table legend: (Time is in decaauts)
 A = Elapsed time spent in this place.
 B = Non-inter-level travel time spent in this place.
 C = Inter-level travel time spent in this place.
 D = Time resting spent in this place.
 E = Time spent auto-exploring this place.
 F = Levels seen in this place.
 G = Mean time per level.
                   A        B        C        D        E       F      G
               +--------+--------+--------+--------+--------+-----+--------+
         Total |   8587 |   8333 |    254 |   2143 |   4924 |   9 |  954.1 |
       Dungeon |   8370 |   8140 |    230 |   2143 |   4733 |   8 | 1046.2 |
        Temple |    216 |    192 |     24 |      0 |    191 |   1 |  216.0 |
               +--------+--------+--------+--------+--------+-----+--------+

Top non-repeatable levels by time:
     D:4: 1525 daAuts
     D:2: 1321 daAuts
     D:7: 1214 daAuts
     D:3: 1083 daAuts
     D:6: 897 daAuts
     D:1: 871 daAuts
     D:8: 814 daAuts
     D:5: 642 daAuts
  Temple: 216 daAuts
